 Dungeon Crawl Stone Soup version 0.21.1-1-g345015f (webtiles) character file.

2074 shakethe the Cleaver (level 9, 0/74 HPs)
             Began as a Deep Dwarf Fighter on Feb 17, 2018.
             Was a Follower of Makhleb.
             Slain by a gnoll
             ... wielding a +0 halberd
              (7 damage)
             ... on level 7 of the Dungeon.
             The game lasted 00:12:04 (5301 turns).

shakethe the Cleaver (Deep Dwarf Fighter)           Turns: 5301, Time: 00:12:04

Health: 0/74       AC: 10    Str: 21    XL:     9   Next: 6%
Magic:  6/6        EV:  7    Int:  9    God:    Makhleb [*.....]
Gold:   368        SH: 10    Dex: 19    Spells: 8/8 levels left

rFire    . . .     SeeInvis .   v - +0 war axe
rCold    . . .     Gourm    .   c - +0 shield
rNeg     . . .     Faith    .   b - +0 scale mail
rPois    .         Spirit   .   e - +0 helmet
rElec    .         Reflect  .   m - +0 cloak
rCorr    .         Harm     .   (no gloves)
MR       +....                  (no boots)
Stlth    ..........             (no amulet)
HPRegen  0.00/turn              t - ring of flight {+Fly, !d}
MPRegen  0.10/turn              s - +5 ring of dexterity

@: non-regenerating
A: damage resistance, heal wounds, sense surroundings 2, no regeneration
a: Heal Wounds, Renounce Religion, Evoke Flight


You were on level 7 of the Dungeon.
You worshipped Makhleb.
Makhleb was aware of your devotion.
You were not hungry.

You visited 2 branches of the dungeon, and saw 8 of its levels.

You collected 368 gold pieces.

Inventory:

Hand Weapons
 v - a +0 war axe (weapon)
   (You took it off an orc priest on level 4 of the Dungeon)
Armour
 b - a +0 scale mail (worn)
 c - a +0 shield (worn)
 e - a +0 helmet (worn)
   (You found it on level 1 of the Dungeon)
 m - a +0 cloak (worn)
   (You took it off Crazy Yiuf on level 2 of the Dungeon)
 u - a +0 chain mail
   (You found it on level 4 of the Dungeon)
 B - a +0 pair of boots
   (You found it on level 5 of the Dungeon)
Jewellery
 l - an uncursed ring of resist corrosion
   (You found it on level 2 of the Dungeon)
 s - a +5 ring of dexterity (right hand)
   (You found it on level 3 of the Dungeon)
 t - a ring of flight (left hand) {+Fly, !d}
   (You found it on level 3 of the Dungeon)
 y - an uncursed ring of protection from cold {unknown}
   (You found it on level 4 of the Dungeon)
Wands
 o - a wand of acid (12)
   (You found it on level 3 of the Dungeon)
 z - a wand of paralysis (19)
   (You found it on level 5 of the Dungeon)
 E - a wand of flame (22)
   (You found it on level 7 of the Dungeon)
Scrolls
 g - 3 scrolls of amnesia {unknown}
 i - 3 scrolls of identify
 n - a scroll of remove curse
 p - a scroll of fog {unknown}
 q - a scroll of random uselessness {unknown}
 x - a scroll of teleportation {unknown}
Potions
 d - a potion of might
 h - 2 potions of lignification {unknown}
 j - a potion of heal wounds {unknown}
 k - a potion of agility {unknown}
 r - a potion of flight {unknown}
 w - a potion of resistance {unknown}
 A - a potion of mutation {unknown}
 C - a potion of curing {unknown}
 D - a potion of berserk rage {unknown}
Books
 a - a book of Necromancy
   (You found it on level 4 of the Dungeon)
Comestibles
 f - 7 rations


   Skills:
 - Level 2.6 Fighting
 * Level 10.7 Axes
 + Level 8.2 Armour
 - Level 3.2 Shields


You had 8 spell levels left.
You didn't know any spells.

Dungeon Overview and Level Annotations

Branches:
Dungeon (7/15)             Temple (1/1) D:5

Altars:
Ashenzari
Cheibriados
Dithmenos
Elyvilon
Fedhas
Gozag
Hepliaklqana
Kikubaaqudgha
Makhleb
Nemelex Xobeh
Okawaru
Qazlal
Ru
Sif Muna
Trog
Uskayaw
Vehumet
Wu Jian
Xom
Yredelemnul
Zin
The Shining One


Innate Abilities, Weirdness & Mutations

You are resistant to damage.
You can heal yourself by infusing magical energy.
You passively map the area around you.
You do not regenerate.


Message History

Makhleb accepts your kill.
You slash the ice beast! The ice beast hits you. The ice beast freezes you!
* * * LOW HITPOINT WARNING * * *
You take 9 damage, and have 3/68 hp.
Unknown command.
You feel much better. You block the ice beast's attack.
You regained 18 hp, and now have 21/68 hp.
You barely miss the ice beast. You block the ice beast's attack.
You barely miss the ice beast.
The ice beast hits you but does no damage.
You completely miss the ice beast. The ice beast closely misses you.
You closely miss the ice beast. The ice beast barely misses you.
You hit the ice beast but do no damage. You block the ice beast's attack.
You hit the ice beast. The ice beast barely misses you.
The ice beast hits you but does no damage.
You slash the ice beast! You block the ice beast's attack.
You slash the ice beast! The ice beast barely misses you.
You slash the ice beast!
You kill the ice beast!
Makhleb accepts your kill.
You have reached level 9!
Your experience leads to an increase in your attributes!
Your base attributes are Str 21, Int 9, Dex 13.
Increase (S)trength, (I)ntelligence, or (D)exterity?
You feel agile.
Your attunement to dungeon structure grows.
You regained 2 hp, and now have 23/74 hp.
MP restored: 6
Things that are here:
a giant club; an arrow; an ogre corpse
Found a whip and 9 gold pieces.
Found a stone staircase leading down.
You feel much better.
You regained 22 hp, and now have 45/74 hp.
You now have 363 gold pieces (gained 9).
E - a wand of flame (22)
You now have 368 gold pieces (gained 5).
A gnoll comes into view. It is wielding a spear.
You see here 19 gold pieces.
The gnoll hits you from afar with a spear.
You take 1 damage, and have 44/74 hp.
The gnoll hits you from afar with a spear.
You take 2 damage, and have 42/74 hp.
A gnoll comes into view. It is wielding a whip.
The gnoll shouts!
You block the gnoll's attack.
A worker ant zombie comes into view.
You slash the gnoll!
You kill the gnoll!
Makhleb accepts your kill.
A gnoll comes into view.
A gnoll comes into view. It is wielding a halberd.
The gnoll shouts!
Things that are here:
a spear; a gnoll corpse The worker ant zombie bites you.
You slash the worker ant zombie!
The worker ant zombie bites you but does no damage.
The gnoll hits you from afar with a halberd.
You take 4 damage, and have 38/74 hp.
You hit the worker ant zombie but do no damage.
The worker ant zombie bites you but does no damage.
The worker ant zombie barely misses you.
You hit the worker ant zombie but do no damage.
The gnoll hits you from afar with a halberd!
The worker ant zombie bites you but does no damage.
You take 8 damage, and have 30/74 hp.
You slash the worker ant zombie! The gnoll barely misses you.
The worker ant zombie closely misses you.
You barely miss the worker ant zombie. The gnoll hits you but does no damage.
The worker ant zombie bites you but does no damage.
You hit the worker ant zombie but do no damage.
You block the gnoll's attack.
The worker ant zombie bites you but does no damage.
You slash the worker ant zombie!
You destroy the worker ant zombie!
Makhleb accepts your kill. The gnoll closely misses you.
You slash the gnoll! You block the gnoll's attack.
The gnoll hits you from afar with a halberd.
You take 5 damage, and have 25/74 hp.
You slash the gnoll!
You kill the gnoll!
Makhleb accepts your kill. The gnoll hits you but does no damage.
You barely miss the gnoll. The gnoll hits you but does no damage.
You closely miss the gnoll.
The gnoll hits you from afar with a halberd!
* * * LOW HITPOINT WARNING * * *
You block the gnoll's attack.
You take 8 damage, and have 17/74 hp.
You hit the gnoll. The gnoll barely misses you.
The gnoll hits you but does no damage.
You completely miss the gnoll.
The gnoll hits you from afar with a halberd!
* * * LOW HITPOINT WARNING * * *
The gnoll barely misses you.
You take 10 damage, and have 7/74 hp.
You barely miss the gnoll.
The gnoll hits you from afar with a halberd!
You die...

* * , ,, , * * , * ,
.#..> , , ,..*,,,... * ,*
#.# ##..#* , * , , ..
#...# ,,, , * #.##...####
* , ## * * #..#.g,...,#*
* ,.. * ,#..#g#..# >. #.
, * #.#...@#..##*#..##*
#.
#.....)....####...####. ,
* #...#..##......##...##.
*##.(#...#.#.##..###.##.
........$#.#.###...))...
*
,##...##..#....##...##...
##.# ##............###. ,
* #+ ##..........).### *
,, ##..>.........# #


You could see 2 gnolls.

Vanquished Creatures
  Grinder (D:4)
  2 ice beasts
  An orc warrior (D:6)
  A sky beast (D:3)
  A phantom (D:6)
  A centaur (D:7)
  3 ogres
  A bullfrog (D:6)
  A scorpion (D:4)
  2 howler monkeys
  3 orc priests
  A gnoll shaman (D:4)
  A hound (D:4)
  2 jellies
  4 orc wizards
  A centaur skeleton (D:6)
  An iguana (D:6)
  Crazy Yiuf (D:2)
  5 worker ants
  A hound zombie (D:5)
  2 hound skeletons
  A worker ant zombie (D:7)
  Robin (D:2)
  7 adders
  8 gnolls
  3 oozes
  2 adder skeletons
  2 worms
  2 dart slugs
  6 leopard geckos
  19 orcs
  A giant cockroach (D:2)
  16 goblins
  13 hobgoblins
  9 jackals
  8 kobolds
  2 quokkas (D:5)
  2 ball pythons (D:3)
  A ball python skeleton (D:4)
  9 bats
  7 frilled lizards
  A jackal skeleton (D:6)
  A leopard gecko skeleton (D:4)
  9 rats
166 creatures vanquished.

Notes
Turn   | Place    | Note
-------+----------+-------------------------------------------
     0 | D:1      | shakethe the Deep Dwarf Fighter began the quest for the Orb.
     0 | D:1      | Reached XP level 1. HP: 20/20 MP: 1/1
    82 | D:1      | Reached XP level 2. HP: 27/27 MP: 2/2
    96 | D:1      | Reached skill level 3 in Axes
   262 | D:1      | Reached XP level 3. HP: 22/33 MP: 3/3
  1006 | D:2      | Noticed Robin
  1024 | D:2      | Reached skill level 4 in Armour
  1025 | D:2      | Reached skill level 4 in Axes
  1042 | D:2      | Killed Robin
  1042 | D:2      | Reached XP level 4. HP: 40/40 MP: 4/4
  1362 | D:2      | Found an ornate altar of the Wu Jian Council.
  1403 | D:2      | Found a runed door.
  1505 | D:2      | Noticed Crazy Yiuf
  1508 | D:2      | HP: 2/40 [Crazy Yiuf/quarterstaff of chaos (9)]
  1510 | D:2      | Killed Crazy Yiuf
  1601 | D:3      | Reached XP level 5. HP: 29/46 MP: 5/5
  1636 | D:3      | Noticed a sky beast
  1647 | D:3      | Killed a sky beast
  1647 | D:3      | Reached skill level 5 in Axes
  1688 | D:3      | Found a shadowy altar of Dithmenos.
  1814 | D:3      | Reached skill level 5 in Armour
  1892 | D:3      | Reached XP level 6. HP: 54/55 MP: 6/6
  1910 | D:3      | Found a stormy altar of Qazlal.
  2614 | D:4      | Reached skill level 6 in Axes
  2758 | D:4      | Noticed Grinder
  2921 | D:4      | Reached XP level 7. HP: 48/61 MP: 5/5
  2974 | D:4      | Reached skill level 7 in Axes
  3191 | D:4      | Paralysed by Grinder for 3 turns
  3201 | D:4      | Killed Grinder
  3201 | D:4      | Reached skill level 8 in Axes
  3201 | D:4      | Reached skill level 6 in Armour
  3303 | D:5      | Entered Level 5 of the Dungeon
  3463 | D:5      | Reached XP level 8. HP: 35/68 MP: 6/6
  3564 | D:5      | Found a glowing golden altar of the Shining One.
  3605 | D:5      | Found a stormy altar of Qazlal.
  3616 | D:5      | Found a white marble altar of Elyvilon.
  3625 | D:5      | Found a staircase to the Ecumenical Temple.
  3663 | Temple   | Entered the Ecumenical Temple
  3704 | Temple   | Became a worshipper of Makhleb the Destroyer
  3946 | D:5      | Found an opulent altar of Gozag.
  4348 | D:6      | Reached skill level 9 in Axes
  4410 | D:6      | Reached skill level 7 in Armour
  4780 | D:6      | HP: 12/68 [ogre/giant club (24)]
  4785 | D:6      | Reached skill level 10 in Axes
  4938 | D:6      | Reached * piety under Makhleb
  5229 | D:7      | Reached skill level 8 in Armour
  5235 | D:7      | HP: 12/68 [ogre/giant club (14)]
  5237 | D:7      | HP: 3/68 [ice beast (9)]
  5247 | D:7      | Gained mutation: You passively map the area around you. [Deep Dwarf growth]
  5247 | D:7      | Reached XP level 9. HP: 23/74 MP: 6/6
  5298 | D:7      | HP: 17/74 [gnoll/halberd (8)]
  5300 | D:7      | HP: 7/74 [gnoll/halberd (10)]
  5301 | D:7      | Slain by a gnoll

Skill      XL: |  1  2  3  4  5  6  7  8 |
---------------+-------------------------+-----
Axes           | 3 4 5 6 8 10 | 10.7
Armour         | 4 5 6 8 |  8.2
Fighting       | |  2.6
Shields        | |  3.2

Action                   |  1- 3 |  4- 6 |  7- 9 || total
-------------------------+-------+-------+-------++-------
Melee: War axe           |   174 |   187 |   241 ||   602
 Abil: Heal Wounds       |     1 |     4 |     9 ||    14
  Use: Scroll            |       |       |     2 ||     2
  Eat: Chunk             |       |     7 |     8 ||    15
Armor: Scale mail        |   102 |    95 |    87 ||   284
Dodge: Dodged            |    82 |    48 |    65 ||   195
Block: Shield            |   100 |   113 |   120 ||   333

Vault maps used:
D:1:      arrival_zaba_pyramid, st_stairs_12
D:2:      overflow_temple_1_default, uniq_robin, uniq_crazy_yiuf_cottage
D:3:      nicolae_dithmenos_shadow_blocks, old_standard_altar, minmay_vboxes
D:4:      first_ration, uniq_grinder
D:5:      nicolae_overflow_hidden_temple, nicolae_tso_carved_into_rock,
          grunt_gozag_statues, minmay_temple_entry_trees, basic_altar
D:6:      minmay_liquid_box
D:7:      nemelex_lonely_heart_becter
Temple:   compressed_dpeg_circular_temple

Table legend:
 A = Turns spent in this place as a percentage of turns spent in the entire game.
 B = Non-inter-level travel turns spent in this place as a percentage of non-inter-level travel turns spent in the entire game.
 C = Inter-level travel turns spent in this place as a percentage of turns spent in this place.
 D = Turns resting spent in this place as a percentage of non-inter-level travel turns spent in this place.
 E = Turns spent auto-exploring this place as a percentage of non-inter-level travel turns spent in this place.
 F = Non-inter-level travel turns spent in this place divided by the number of levels of this place that you've seen.
                   A       B       C       D       E      F
               +-------+-------+-------+-------+-------+----------------------
         Total | 100.0 | 100.0 |   2.0 |   0.0 |  64.6 | 649.6
       Dungeon |  98.4 |  98.3 |   2.0 |   0.0 |  65.0 | 730.0
        Temple |   1.6 |   1.7 |   0.0 |   0.0 |  40.2 |  87.0
               +-------+-------+-------+-------+-------+----------------------

Table legend:
 A = Kills in this place as a percentage of kills in entire the game.
 B = Kills by you in this place as a percentage of kills by you in the entire game.
 C = Kills by friends in this place as a percentage of kills by friends in the entire game.
 D = Other kills in this place as a percentage of other kills in the entire game.
 E = Experience gained in this place as a percentage of experience gained in the entire game.
 F = Experience gained in this place divided by the number of levels of this place that you have seen.
                   A       B       C       D       E      F
               +-------+-------+-------+-------+-------+----------------------
         Total | 100.0 | 100.0 |   N/A |   N/A | 100.0 | 370.4
       Dungeon | 100.0 | 100.0 |   N/A |   N/A | 100.0 | 423.3
               +-------+-------+-------+-------+-------+----------------------
